 Adventure DCSS version bcrawl-1.19 (webtiles) character file.

Game seed: 11377251314623563990

16003 Leeroy the Carver (level 12, -11/73 HPs)
             Began as a Skeleton Reaver on Nov 12, 2019.
             Was an Elder of Vehumet.
             Mangled by Snorg (13 damage)
             ... in the Orcish Mines.
             The game lasted 01:30:37 (23920 turns).

Leeroy the Carver (Skeleton Reaver)                Turns: 23920, Time: 01:30:38

Health: -11/73     AC: 15    Str: 16 (19) XL:     12   Next: 6%
Magic:  0/25       EV:  9    Int: 12 (14) God:    Vehumet [****..]
Gold:   924        SH: 10    Dex:  6 (10) Spells: 3/29 levels left
                                        Lives:  0   Deaths: 2

rFire    . . .     SeeInvis .   L - +3 scimitar (freeze)
rCold    + . .     Gourm    .   w - +0 buckler
rNeg     + + +     Faith    .   n - +0 plate armour
rPois    ∞         Spirit   +   (no helmet)
rElec    +         Reflect  +   (no cloak)
rCorr    .         Harm     .   s - +0 pair of gloves
MR       +....                  l - +1 pair of boots
Stlth    +.........             o - +4 amulet of reflection
HPRegen  0.22/turn              d - ring of insulation
MPRegen  0.19/turn              H - ring of stealth

@: very slightly contaminated
A: no food or potions, cold resistance 1, deterioration 1, negative energy
resistance 3, powered by death 1, torment resistance, unbreathing, magic shield,
sturdy frame 2, spell healing
a: Renounce Religion


You were in the Orcish Mines.
You worshipped Vehumet.
Vehumet was greatly pleased with you.
You were not hungry.

You visited 4 branches of the dungeon, and saw 16 of its levels.

You collected 1309 gold pieces.
You spent 385 gold pieces at shops.

Inventory:

Hand Weapons
 k - a +3 short sword
 m - a +0 rapier
 u - a +0 hand axe of electrocution
 B - a +0 quarterstaff
 D - a +2 dagger of venom
 E - a +4 spear of piercing
 G - a +3 mace
 I - a +2 whip of electrocution
 K - a +3 long sword
 L - a +3 scimitar of freezing (weapon)
 M - a +3 morningstar
 N - a +0 blowgun
 O - a +0 dagger of draining
 R - a +2 long sword of protection
 S - a +0 hand crossbow
 U - a +0 broad axe
 V - a +2 dire flail
 Y - a +0 great mace
Missiles
 i - 1483 stones
 t - 183 poisoned needles
 Q - a throwing net (quivered) {!f}
 T - 1556 bolts
 W - 130 javelins
Armour
 b - +0 steam dragon scales
 l - a +1 pair of boots (worn)
 n - a +0 plate armour (worn)
 s - a +0 pair of gloves (worn)
 w - a +0 buckler (worn)
Jewellery
 d - a ring of insulation (left hand)
 e - a +2 ring of strength {unknown}
 o - a +4 amulet of reflection (around neck)
 H - a ring of stealth (right hand)
 P - an uncursed ring of ice
Wands
 a - a wand of random effects (11)
 q - a wand of flame (42)
 x - a wand of scattershot (13)
 z - a wand of digging (6)
 Z - a wand of polymorph (4)
Scrolls
 c - 4 scrolls of immolation
 f - 6 scrolls of identify
 h - 3 scrolls of enchant armour
 j - 9 scrolls of remove curse
 p - 4 scrolls of amnesia
 v - a scroll of enchant weapon {unknown}
 y - 4 scrolls of magic mapping
 A - 2 scrolls of vulnerability {unknown}
 F - a scroll of noise
 J - a scroll of torment {unknown}
 X - 2 scrolls of fear {unknown}
Potions
 C - a potion of resistance {unknown}
Miscellaneous
 r - a phantom mirror


   Skills:
 - Level 8.0 Fighting
 - Level 11.0 Long Blades
 - Level 4.2 Polearms
 - Level 5.0 Armour
 - Level 9.0 Dodging
 - Level 4.1 Stealth
 - Level 6.1 Shields
 + Level 9.2 Spellcasting
 - Level 7.1 Conjurations
 - Level 5.1 Hexes
 - Level 7.5 Fire Magic
 - Level 8.0 Poison Magic


You had 3 spell levels left.
You knew the following spells:

 Your Spells              Type           Power        Failure   Level  Hunger
a - Magic Dart            Conj           ###.         2%          1    N/A
b - Searing Ray           Conj           ###...       3%          2    N/A
c - Stone Arrow           Conj/Erth      ##....       24%         3    N/A
d - Iskenderun's Mystic   Conj           ###.....     6%          3    N/A
e - Fulminant Prism       Conj/Hex       ###.......   28%         4    N/A
f - Conjure Flame         Conj/Fire      ###.....     5%          3    N/A
g - Sticky Flame          Conj/Fire      ###.....     19%         4    N/A
h - Poison Arrow          Conj/Pois      ###.......   90%         6    N/A

Your spell library contained the following spells:

 Spells                   Type           Power        Failure   Level  Hunger
 Lightning Bolt           Conj/Air       ##........   89%         5    N/A
 Flame Tongue             Conj/Fire      ###..        1%          1    N/A
 Inner Flame              Hex/Fire       N/A          9%          3    N/A
 Mephitic Cloud           Conj/Pois/Air  ###.....     13%         3    N/A
 Slow                     Hex            ###.....     17%         1    N/A
 Sandblast                Erth           #.....       34%         1    N/A
 Flaming Arrows           Chrm/Fire      ##......     41%         2    N/A
 Apportation              Tloc           #.....       80%         1    N/A
 Infusion                 Chrm           #.......     80%         1    N/A
 Summon Butterflies       Summ           #.......     80%         1    N/A
 Summon Small Mammal      Summ           #...         80%         1    N/A
 Blink                    Tloc           N/A          91%         2    N/A
 Call Imp                 Summ           #.....       91%         2    N/A
 Passwall                 Tmut/Erth      #.......     91%         2    N/A
 Sticks to Snakes         Tmut           #.......     91%         2    N/A
 Call Canine Familiar     Summ           #.......     99%         3    N/A
 Fireball                 Conj/Fire      ###.......   43%         5    N/A
 Irradiate                Conj/Tmut      ##........   89%         5    N/A
 Iskenderun's Battlesphe  Conj/Chrm      ##......     89%         5    N/A
 Petrify                  Tmut/Erth      #.......     100%        4    N/A
 Summon Ice Beast         Ice/Summ       #.......     100%        4    N/A
 Lee's Rapid Deconstruct  Erth           #.........   100%        5    N/A
 Piercing Shot            Chrm           #.........   100%        5    N/A
 Silence                  Hex/Air        ##........   100%        5    N/A
 Summon Lightning Spire   Summ/Air       #.......     100%        5    N/A
 Deflect Missiles         Chrm/Air       #.........   100%        6    N/A
 Infestation              Hex/Tmut/Pois  ###......    100%        6    N/A
 Discord                  Hex            ###.......   100%        8    N/A
 Spider Form              Tmut/Pois      Unusable     N/A         3    N/A
 Beastly Appendage        Tmut           Unusable     N/A         1    N/A
 Ice Form                 Ice/Tmut       Unusable     N/A         4    N/A
 Blade Hands              Tmut           Unusable     N/A         5    N/A

Dungeon Overview and Level Annotations

Branches:
Dungeon (12/12)            Temple (1/1) D:6            Lair (2/6) D:9
    Orc (1/1) D:9             Elf (0/3) Orc          Depths (0/5) D:12
  Swamp: Lair:2-4    Shoals: Lair:2-4     Snake: Lair:2-4    Spider: Lair:2-4
 Vaults: D:11-12

Altars:
Ashenzari
Cheibriados
Dithmenos
Elyvilon
Fedhas
Gozag
Hepliaklqana
Kikubaaqudgha
Lugonu
Makhleb
Nemelex Xobeh
Okawaru
Qazlal
Ru
Sif Muna
Trog
Uskayaw
Vehumet
Wu Jian
Xom
Yredelemnul
Zin
The Shining One

Shops:
D:5 :   D:6 ?   D:7 *   D:8 %

Annotations:
D:6 2 transporters, Xuyfov's ghost, novice MiBe Orc Snorg


Innate Abilities, Weirdness & Mutations

You do not eat or drink.
You are immune to poison.
Your flesh is cold resistant. (rC+)
Your body sometimes deteriorates upon taking damage.
You are immune to negative energy. (rN+++)
You regenerate a little health from kills.
You are immune to unholy pain and torment.
You can survive without breathing.
When hurt, damage is shared between your health and your magic reserves.
Your movements are less encumbered by armour. (ER -4)
Casting spells heals you.


Message History

Aiming: Fulminant Prism (quite dangerous; 28% risk of failure)
Press: ? - help, Dir - move target cursor You miscast Fulminant Prism.
Nothing appears to happen.
The centaur shoots an arrow.
The arrow barely misses you.
The centaur shoots an arrow.
You reflect the arrow off an invisible shield around you!
The arrow hits the centaur.
The centaur shoots an arrow.
The arrow hits you but does no damage.
The centaur unwields a +0 shortbow.
The centaur closely misses you.
Snorg goes berserk!
You hit the centaur. You freeze the centaur.
The centaur is moderately wounded.
The centaur barely misses you.
The centaur wields a +0 shortbow.
The centaur shoots an arrow.
The arrow barely misses you. Snorg bites you!
* * * LOW HITPOINT WARNING * * *
Snorg claws you.
* * * LOW HITPOINT WARNING * * *
Snorg claws you!
You die...

≈≈..........#........
≈..........##........
..##..##..##.........
...................##
...................## ##
....................## .#.#
.....................# .....
.....................# .....
)...............@....##....#
..............##T..........#
...........####.c.#.....#.#
........#### ##...#......#
.....#########o...##....##
....###PP.).....####....#
...###P≈.cP###.## ##..##
..###PP.P≈.# ### #...##
..####P≈...#### #....#


You could see Snorg (berserk), an orc warrior and a centaur.

Vanquished Creatures
  2 centaur warriors
  3 two-headed ogres
  Nergalle (Lair:1)
  A wizard (D:12)
  A necromancer (D:12)
  2 orc sorcerers (D:12)
  An elephant (D:8)
  Maurice (D:8)
  A black mamba (Lair:2)
  7 centaur skeletons
  5 cane toads
  2 trolls (D:8)
  A hornet (D:9)
  4 blink frogs (Lair:2)
  A slime creature (D:12)
  3 hippogriffs
  A centaur simulacrum (D:12)
  15 yaks
  A meliai zombie (D:10)
  A wraith (D:12)
  4 basilisks
  2 chaos spawn (D:9)
  2 steam dragons
  A hungry ghost (D:8)
  An acid dragon (D:10)
  A soldier ant (D:12)
  A warg (D:9)
  4 water moccasins
  2 porcupines
  13 orc warriors
  5 ice beasts
  A necrophage (D:9)
  A phantom (D:9)
  5 sky beasts
  11 ogres
  3 eyes of draining (D:8)
  6 centaurs
  3 crocodiles
  4 big kobolds
  13 bullfrogs
  3 gnoll sergeants
  4 scorpions
  3 killer bees (D:8)
  10 wights
  4 howler monkeys
  4 crimson imps
  4 centaur zombies
  4 jellies
  5 hounds
  8 orc priests
  A bullfrog skeleton (D:6)
  3 gnoll shamans
  3 iguanas
  10 orc wizards
  14 worker ants
  2 hound zombies
  A hound skeleton (D:5)
  A worker ant zombie (D:6)
  18 gnolls
  20 adders
  A shadow imp (D:5)
  2 oozes
  8 worms
  6 dart slugs
  6 leopard geckos
  36 orcs
  7 bats
  2 giant cockroaches
  5 goblins
  9 hobgoblins
  18 jackals
  28 kobolds
  7 quokkas
  2 ball pythons
  4 frilled lizards
  A quokka skeleton (D:5)
  3 rats
  A spectral orc (D:7)
  A fungus (Lair:2)
406 creatures vanquished.

Vanquished Creatures (others)
  An orc knight (Orc)
  An orc warrior (Orc)
  7 centaurs
  3 orcs (Orc)
  A jackal (D:6)
  41 fulminant prisms
  13 plants
67 creatures vanquished.

Grand Total: 473 creatures vanquished

Notes
Turn   | Place    | Note
-------+----------+-------------------------------------------
     0 | D:1      | Leeroy the Skeleton Reaver began the quest for the Orb.
     0 | D:1      | Reached XP level 1. HP: 14/14 MP: 4/4
   168 | D:1      | Reached skill level 4 in Long Blades
   183 | D:1      | Reached XP level 2. HP: 19/19 MP: 6/6
   714 | D:1      | Reached skill level 5 in Long Blades
   727 | D:1      | Reached * piety under Vehumet
   727 | D:1      | Offered knowledge of Magic Dart by Vehumet.
   977 | D:2      | Reached XP level 3. HP: 23/23 MP: 7/7
  1107 | D:3      | HP: 1/23 [hound (2)]
  1108 | D:3      | Noticed an ogre
  1213 | D:3      | Learned a level 1 spell: Magic Dart
  1235 | D:3      | Reached XP level 4. HP: 2/28 MP: 2/8
  1290 | D:3      | Reached skill level 6 in Long Blades
  2121 | D:4      | Reached skill level 7 in Long Blades
  2121 | D:4      | Reached XP level 5. HP: 18/32 MP: 5/9
  2560 | D:4      | Noticed a sky beast
  2732 | D:4      | Killed a sky beast
  2732 | D:4      | Reached skill level 8 in Long Blades
  2732 | D:4      | Gained mutation: You regenerate a little health from kills.
                  | [Skeleton growth]
  2732 | D:4      | Reached XP level 6. HP: 10/37 MP: 8/10
  3447 | D:3      | Reached skill level 9 in Long Blades
  3476 | D:3      | Offered knowledge of Searing Ray by Vehumet.
  3480 | D:3      | Learned a level 2 spell: Searing Ray
  3494 | D:3      | Reached ** piety under Vehumet
  3614 | D:3      | Reached XP level 7. HP: 40/41 MP: 11/11
  4068 | D:5      | Entered Level 5 of the Dungeon
  4106 | D:4      | Reached skill level 10 in Long Blades
  4210 | D:4      | Reached skill level 1 in Armour
  4482 | D:5      | Found Ruevvosab's Book Shoppe.
  4517 | D:5      | Reached XP level 8. HP: 32/46 MP: 12/12
  4640 | D:5      | Reached skill level 5 in Armour
  4654 | D:5      | Offered knowledge of Throw Frost by Vehumet.
  4852 | D:5      | Reached *** piety under Vehumet
  5255 | D:5      | Reached skill level 5 in Fighting
  5466 | D:6      | Found a staircase to the Ecumenical Temple.
  5475 | Temple   | Entered the Ecumenical Temple
  5483 | Temple   | Offered knowledge of Stone Arrow by Vehumet.
  5488 | Temple   | Learned a level 3 spell: Stone Arrow
  5659 | Temple   | Reached skill level 1 in Shields
  6629 | D:6      | Reached skill level 5 in Shields
  6720 | D:6      | Found Esolatoc's Magic Scroll Shoppe.
  6726 | D:6      | Found a transporter.
  6756 | D:6      | Reached XP level 9. HP: 10/54 MP: 3/13
  7806 | D:6      | Noticed Xuyfov's ghost (novice MiBe)
  7813 | D:6      | Found a transporter.
  8127 | D:7      | Noticed a tengu conjurer
  8261 | D:7      | Reached skill level 5 in Conjurations
  8330 | D:8      | Noticed Maurice
  8360 | D:7      | Reached **** piety under Vehumet
  8507 | D:7      | Found Soocriqi's General Store.
  8732 | D:6      | Learned a level 3 spell: Iskenderun's Mystic Blast
  8737 | D:6      | Learned a level 4 spell: Fulminant Prism
  8947 | D:5      | Reached skill level 1 in Polearms
  9152 | D:2      | Found a shimmering blue altar of Sif Muna.
  9428 | D:2      | Offered knowledge of Lee's Rapid Deconstruction by Vehumet.
 10642 | D:5      | Bought a book of Flames for 385 gold pieces
 11092 | D:7      | Found a basalt altar of Yredelemnul.
 11563 | D:7      | Reached skill level 5 in Spellcasting
 12264 | D:9      | Reached skill level 1 in Hexes
 12264 | D:9      | Gained mutation: Your movements are less encumbered by
                  | armour. (ER -4) [Skeleton growth]
 12264 | D:9      | Reached XP level 10. HP: 34/59 MP: 5/20
 12884 | D:8      | Reached ***** piety under Vehumet
 12893 | D:8      | Reached skill level 5 in Dodging
 12909 | D:8      | Offered knowledge of Poison Arrow by Vehumet.
 12915 | D:8      | Learned a level 3 spell: Conjure Flame
 12922 | D:8      | Learned a level 4 spell: Sticky Flame
 13064 | D:8      | Reached skill level 1 in Fire Magic
 13206 | D:8      | Found a shadowy altar of Dithmenos.
 13304 | D:8      | Found Rinafyu's Food Boutique.
 13398 | D:8      | Killed Maurice
 13398 | D:8      | Reached skill level 5 in Fire Magic
 14171 | D:9      | Reached XP level 11. HP: 55/64 MP: 21/21
 14844 | D:8      | Learned a level 6 spell: Poison Arrow
 14897 | D:9      | Mangled by an orc warrior
 14898 | D:9      | Reached XP level 10. HP: -10/59 MP: 0/22
 14912 | D:9      | Reached skill level 1 in Poison Magic
 14969 | D:9      | Found a staircase to the Orcish Mines.
 14985 | D:9      | Found a staircase to the Lair.
 15146 | D:10     | Entered Level 10 of the Dungeon
 15151 | D:10     | Noticed a two-headed ogre
 15167 | D:10     | Noticed a two-headed ogre
 15169 | D:10     | Killed a two-headed ogre
 15403 | D:10     | Killed a two-headed ogre
 15728 | D:10     | Reached skill level 5 in Poison Magic
 16077 | D:10     | Offered knowledge of Lightning Bolt by Vehumet.
 16108 | D:10     | Reached XP level 11. HP: 56/64 MP: 19/23
 16212 | D:11     | Noticed a centaur warrior
 16318 | D:12     | Entered Level 12 of the Dungeon
 16493 | D:12     | Noticed a two-headed ogre
 16500 | D:12     | Killed a two-headed ogre
 17027 | D:12     | Noticed an orc sorcerer
 17059 | D:12     | Noticed a soul eater
 17088 | D:12     | Noticed an orc sorcerer
 17105 | D:12     | Killed an orc sorcerer
 17177 | D:12     | Noticed a wizard
 17177 | D:12     | Paralysed by a wizard for 3 turns
 17182 | D:12     | Killed a wizard
 17278 | D:12     | Found a staircase to the Depths.
 17278 | D:12     | Noticed a necromancer
 17304 | D:12     | Killed a necromancer
 17354 | D:12     | Killed an orc sorcerer
 17366 | D:12     | Noticed a centaur warrior
 17455 | D:12     | Noticed a cyclops
 17589 | D:12     | Noticed a brown ugly thing
 17616 | D:12     | HP: 3/64 [centaur/arrow[a centaur warrior] (9)]
 17616 | D:12     | Slain by a centaur
 17617 | D:12     | Reached XP level 10. HP: -3/59 MP: 0/22
 17750 | D:12     | Killed a centaur warrior
 17808 | D:11     | Found a shimmering altar of Xom.
 17819 | D:11     | Noticed a gargoyle
 17940 | D:12     | Reached XP level 11. HP: 49/64 MP: 17/23
 18098 | D:11     | Found the +7 mace of Variability {chain chaos}
 18583 | Lair:1   | Entered Level 1 of the Lair of Beasts
 18763 | Lair:1   | Noticed Nergalle
 18779 | Lair:1   | Noticed a seven-headed hydra
 20279 | Lair:2   | Reached skill level 1 in Stealth
 20393 | Lair:1   | Killed Nergalle
 20906 | Orc      | Entered the Orcish Mines
 21054 | Orc      | Noticed a centaur warrior
 21574 | D:9      | Killed a centaur warrior
 21628 | Orc      | Reached skill level 11 in Long Blades
 21635 | Orc      | Noticed an orc knight
 22013 | D:9      | Reached skill level 5 in Hexes
 23153 | Orc      | Killed an orc knight
 23599 | Orc      | Reached XP level 12. HP: 73/73 MP: 24/24
 23624 | Orc      | Found a staircase to the Elven Halls.
 23841 | Orc      | Noticed Snorg
 23920 | Orc      | HP: 2/73 [Snorg (3)]
 23920 | Orc      | Mangled by Snorg

Skill      XL: |  1  2  3  4  5  6  7  8  9 10 11 12 |
---------------+-------------------------------------+-----
Long Blades    | 4 5 7 8 9 10 11 | 11.0
Armour         | 4 5 |  5.0
Fighting       | 5 8 |  8.0
Shields        | 6 |  6.1
Conjurations   | 2 6 7 |  7.1
Polearms       | 4 |  4.2
Spellcasting   | 7 8 9 |  9.2
Hexes          | 1 4 5 |  5.1
Dodging        | 9 8 |  9.0
Fire Magic     | 6 7 |  7.5
Poison Magic   | 6 8 |  8.0
Stealth        | 4 |  4.1

Action                   |  1- 3 |  4- 6 |  7- 9 | 10-12 || total
-------------------------+-------+-------+-------+-------++-------
Melee: Long sword        |    60 |       |   112 |       ||   172
       Short sword       |    31 |   235 |   554 |       ||   820
       Dagger            |       |     3 |       |       ||     3
       Hand axe          |       |       |     9 |       ||     9
       Spear             |       |       |   228 |    30 ||   258
       Scimitar          |       |       |    69 |   845 ||   914
Throw: Stone             |       |       |     3 |       ||     3
 Cast: Magic Dart        |     2 |     9 |     9 |     2 ||    22
       Iskenderun's Myst |       |       |    17 |    50 ||    67
       Fulminant Prism   |       |       |       |    41 ||    41
       Conjure Flame     |       |       |       |    38 ||    38
       Sticky Flame      |       |       |       |     9 ||     9
       Searing Ray       |       |       |       |     3 ||     3
       Stone Arrow       |       |       |       |     5 ||     5
Evoke: Wand              |       |       |     3 |     2 ||     5
  Use: Scroll            |     2 |     1 |     4 |    25 ||    32
Armor: Steam dragon scal |    27 |    20 |       |       ||    47
       Plate armour      |       |   108 |   554 |   443 ||  1105
Dodge: Dodged            |    66 |    83 |   288 |   378 ||   815
Block: Buckler           |       |       |   145 |   462 ||   607
       Reflection        |       |       |       |    75 ||    75
